 Dungeon Crawl Stone Soup version 0.30.1 (webtiles) character file.

Game seed: 15085865087705546823

395 Arctor the Insei (level 6, -3/63 HPs)
             Began as an Octopode Transmuter on July 9, 2023.
             Slain by a howler monkey (6 damage)
             ... on level 5 of the Dungeon.
             The game lasted 00:04:37 (3890 turns).

Arctor the Insei (Octopode Transmuter)              Turns: 3890, Time: 00:04:37

Health: -3/63      AC: 23    Str:  9    XL:     6   Next: 82%
Magic:  10/11      EV:  2    Int: 18    God:
Gold:   239        SH:  5    Dex: 12    Spells: 10/11 levels left

rFire   + .          .
                       - Unarmed
rCold   + . .        (no shield)
rNeg    . . .        (helmet currently unavailable)
rPois   +            w - amulet of reflection
rElec   .            d - ring of protection from fire
rCorr   .            p - ring of protection from cold
SInv    .            (no ring)
Will    .....        (no ring)
Stlth   +            (no ring)
HPRegen 0.30/turn    (no ring)
MPRegen 0.12/turn    (no ring)
                     (no ring)

%: reflection
@: tree-form
A: stationary, stasis, torment immunity, boosted hp, almost no armour,
(amphibious), 8 rings, (camouflage 1), (gelatinous body 1), (nimble swimmer 1),
(tentacles)
a: no special abilities


You were on level 5 of the Dungeon.
You were a tree.
You visited 1 branch of the dungeon, and saw 5 of its levels.

You collected 239 gold pieces.

Inventory:

Missiles
 k - 11 boomerangs
Magical Staves
 c - a staff of earth
Jewellery
 d - a ring of protection from fire (left branch)
 p - a ring of protection from cold (right branch)
 w - an amulet of reflection (around neck)
Wands
 n - a wand of flame (7)
Scrolls
 g - 2 scrolls of summoning
 h - a scroll of amnesia
 j - 2 scrolls of teleportation
 m - a scroll of immolation {unknown}
 o - a scroll of fear {unknown}
 q - a scroll of blinking {unknown}
 s - a scroll of noise {unknown}
 u - a scroll of fog {unknown}
 x - a scroll of acquirement {unknown}
 y - a scroll of magic mapping {unknown}
Potions
 i - 2 potions of ambrosia {unknown}
 l - a potion of brilliance {unknown}
 r - a potion of degeneration {unknown}
 t - a potion of resistance {unknown}
 v - 3 potions of might {unknown}


   Skills:
 + Level 3.0 Fighting
 + Level 3.5 Dodging
 + Level 4.2 Unarmed Combat
 + Level 3.3 Spellcasting
 + Level 3.5 Transmutations


You had 10 spell levels left.
You knew the following spells:

 Your Spells              Type           Power      Damage    Failure   Level
a - Beastly Appendage     Tmut           30%        N/A       3%          1

Your spell library contained the following spells:

 Spells                   Type           Power      Damage    Failure   Level
 Wereblood                Tmut           15%        N/A       5%          2
 Spider Form              Tmut/Pois      9%         N/A       22%         3
 Blink                    Tloc           6%         N/A       24%         2
 Lesser Beckoning         Tloc           6%         N/A       24%         2
 Momentum Strike          Conj/Tloc      6%         3d8       24%         2
 Ice Form                 Ice/Tmut       9%         N/A       58%         4


Dungeon Overview and Level Annotations

Branches:
Dungeon (5/15)
 Temple: D:4-7

Altars:
Vehumet

Shops:
D:1 ?   D:2 [


Innate Abilities, Weirdness & Mutations

You are a tree.
Your roots penetrate the ground, keeping you stationary.
You cannot be teleported.
You are immune to unholy pain and torment.
Your maximum health is greatly increased.
You cannot wear most types of armour.
((You are amphibious.))
You can wear up to eight rings at the same time.
((Your skin changes colour to match your surroundings (Stealth+).))
((Your rubbery body absorbs attacks. (AC +1, EV +1)))
((You are camouflaged when in or above water. (Stealth+)))
((You have tentacles for arms and can constrict up to eight enemies at once.))


Message History

You barely miss Duvessa.
Duvessa is moderately wounded.
Duvessa barely misses you. Duvessa hits you but does no damage.
You completely miss Duvessa.
Duvessa is moderately wounded.
Duvessa hits you with a +1 vampiric short sword.
Duvessa draws strength from your wounds!
You hit Duvessa.
Duvessa is heavily wounded.
You block Duvessa's attack.
The howler monkey hoots and howls with incredible vigour!
Duvessa hits you but does no damage.
You hear an angry growl.
You hear an angry hiss. x3; You hear a shout!
You hit Duvessa but do no damage.
Duvessa is heavily wounded.
Duvessa hits you with a +1 vampiric short sword.
Duvessa draws strength from your wounds!
You smack Duvessa!
Duvessa is severely wounded.
Duvessa hits you with a +1 vampiric short sword!
* * * LOW HITPOINT WARNING * * *
Duvessa hits you with a +1 vampiric short sword.
* * * LOW HITPOINT WARNING * * *
You smack Duvessa!
Duvessa is almost dead.
Duvessa hits you with a +1 vampiric short sword!
* * * LOW HITPOINT WARNING * * *
Duvessa draws strength from your wounds!
The quokka barely misses you.
A black bear comes into view.
The black bear growls angrily.
You smack Duvessa!
You kill Duvessa!
The quokka bites you but does no damage.
An adder comes into view.
Your Fighting skill increases to level 3!
You barely miss the quokka.
The adder hisses angrily.
The howler monkey hits you.
You die...

.....#.#####.#
............##.#
.......#S......#
.......#.......##
................###
##................#####
.............).r#......
...............♣h......
#......<.#))....#......
#.......)).....## #####
#.#########!...#
##...... #.##### #h#
..# ###


You could see a black bear, a howler monkey, an adder and a quokka.

Vanquished Creatures
  Duvessa (D:5)
  Dowan (D:5)
  2 orc wizards
  An iguana (D:4)
  A sleepcap (D:5)
  A gnoll (D:1)
  5 adders
  A worm (D:5)
  5 dart slugs
  9 orcs
  2 bats (D:2)
  6 endoplasms
  2 giant cockroaches
  4 goblins
  5 hobgoblins
  8 jackals (D:1)
  3 quokkas (D:1)
  10 ball pythons
  2 frilled lizards (D:2)
  7 kobolds
  5 rats
81 creatures vanquished.

Notes
Turn   | Place    | Note
-------+----------+-------------------------------------------
     0 | D:1      | Arctor the Octopode Transmuter began the quest for the Orb.
     0 | D:1      | Reached XP level 1. HP: 13/13 MP: 3/3
    79 | D:1      | Reached XP level 2. HP: 9/18 MP: 3/5
   344 | D:1      | Found The Oracle's Delphic Readings.
   405 | D:1      | Reached XP level 3. HP: 23/23 MP: 4/6
  1233 | D:2      | Reached XP level 4. HP: 19/29 MP: 5/7
  1450 | D:2      | Found Uzayro Aprue's Armour Boutique.
  2238 | D:3      | Reached XP level 5. HP: 34/34 MP: 6/8
  2306 | D:3      | Identified the +3 tower shield "Maohe" {Rampage rElec rPois
                  | Int+3}
  3335 | D:4      | Found a radiant altar of Vehumet.
  3693 | D:4      | Gained mutation: You passively map a small area around you.
                  | [potion of mutation]
  3693 | D:4      | Lost mutation: You passively map a small area around you.
                  | [potion of mutation]
  3701 | D:5      | Entered Level 5 of the Dungeon
  3709 | D:5      | Noticed Dowan
  3741 | D:5      | Reached XP level 6. HP: 12/41 MP: 10/10
  3749 | D:5      | Reached skill level 4 in Unarmed Combat
  3874 | D:5      | Killed Dowan
  3875 | D:5      | Noticed Duvessa
  3888 | D:5      | HP: 2/61 [Duvessa/+1 vampiric short sword (8)]
  3888 | D:5      | Noticed a black bear
  3889 | D:5      | Killed Duvessa
  3890 | D:5      | Slain by a howler monkey

Illustrated notes

Levels and vault maps discovered:
D:1:      minmay_arrival_solitary_statue, layout_basic,
          nicolae_nh_oracle_at_delphi
D:2:      layout_basic, serial_shops, shop
D:3:      layout_basic, minmay_misc_feat_square
D:4:      layout_basic, mainiacjoe_overflow_tiny_flanked, serial_forest,
          infiniplex_forest_lined_2, infiniplex_forest_end_2,
          infiniplex_forest_lined_room_2, infiniplex_forest_clump_long,
          infiniplex_forest_straight_4, infiniplex_forest_end_2,
          infiniplex_forest_clump_double
D:5:      layout_loops_cross, nicolae_uskayaw_murder_on_the_dancefloor,
          uniq_duvessa

Skill      XL: |  1  2  3  4  5  6 |
---------------+-------------------+-----
Fighting       | 2 3 |  3.0
Dodging        | 3 |  3.5
Transmutations | 3 |  3.5
Spellcasting   | 3 |  3.3
Unarmed Combat | 4 |  4.2

Action                     |  1- 3 |  4- 6 || total
---------------------------+-------+-------++-------
  Melee: Unarmed           |    74 |   126 ||   200
         Kick              |    28 |    12 ||    40
         Constrict         |    26 |    19 ||    45
         Tentacles         |    20 |     9 ||    29
         Punch             |     3 |     5 ||     8
   Cast: Beastly Appendage |    22 |    44 ||    66
    Use: Potion            |       |     5 ||     5
         Scroll            |       |     5 ||     5
   Stab: Sleeping          |     2 |     3 ||     5
 Armour: Skin              |     4 |    84 ||    88
  Dodge: Dodged            |    67 |    46 ||   113
  Block: Other             |       |    10 ||    10
